 Dungeon Crawl Stone Soup version 0.31-a0-164-g2312942fda (webtiles) character file.

Game seed: 11355577460990224532

57 qw the Shooter (level 4, 0/28 HPs)
             Began as a Gargoyle Hunter on June 13, 2023.
             Slain by a quokka (4 damage)
             ... on level 2 of the Dungeon.
             The game lasted 00:00:33 (1148 turns).

qw the Shooter (Gargoyle Hunter)                    Turns: 1148, Time: 00:00:34

Health: 0/28       AC:  6    Str: 11 (14) XL:     4   Next: 0%
Magic:  0/4        EV: 11    Int:  7 (10) God:
Gold:   43         SH:  0    Dex: 14 (15) Spells: 3/3 levels left

rFire   . . .        Y - +0 shortbow
rCold   . . .        (shield currently unavailable)
rNeg    + . .        c - +0 leather armour
rPois   inf          (no helmet)
rElec   +            (no cloak)
rCorr   .            (no gloves)
SInv    .            (no boots)
Will    .....        l - amulet of guardian spirit
Stlth   +            (no ring)
HPRegen 0.24/turn    (no ring)
MPRegen 0.09/turn

%: guardian spirit
@: about to teleport
A: sickness immunity, AC +3, negative energy resistance 1, electricity
resistance, torment resistance 1, petrification resistance
a: no special abilities


You were on level 2 of the Dungeon.
You visited 1 branch of the dungeon, and saw 2 of its levels.

You collected 43 gold pieces.


Innate Abilities, Weirdness & Mutations

You are immune to sickness and miasma.
Your stone body is resilient. (AC +3)
You are immune to poison.
You resist negative energy. (rN+)
You are resistant to electric shocks. (rElec)
You are resistant to unholy torment.
You are immune to petrification.


   Skills:
 - Level 3.2 Fighting
 + Level 5.0 Ranged Weapons
 - Level 1.5 Dodging
 - Level 1.1 Stealth


You had 3 spell levels left.
You didn't know any spells.
Your spell library was empty.

Inventory:

Hand Weapons
 Y - a +0 shortbow (weapon)
Armour
 c - a +0 leather armour (worn)
Jewellery
 i - a ring of ice
 l - an amulet of guardian spirit (around neck)
Scrolls
 a - a scroll of identify
 k - a scroll of enchant armour
Potions
 b - a potion of mutation {unknown}

Dungeon Overview and Level Annotations

Branches:
Dungeon (2/15)

Altars:


Message History

The adder closely misses you. The adder bites you.
You shoot an arrow. The arrow hits the adder.
You kill the adder!
The quokka bites you but does no damage.
The adder bites you but does no damage.
Your Fighting skill increases to level 3!
You have reached level 4!
You feel clever.
You shoot an arrow. The arrow barely misses the adder.
The quokka misses you. The adder barely misses you.
A kobold comes into view. It is wielding a +0 dagger.
The quokka bites you but does no damage.
The adder bites you but does no damage.
You shoot an arrow. The kobold shouts!
The arrow hits the adder.
The adder is moderately wounded.
The quokka bites you. The adder bites you but does no damage.
You shoot an arrow. The arrow barely misses the adder.
The quokka barely misses you. The adder misses you. The adder bites you.
The quokka bites you.
You shoot an arrow.
The arrow hits the adder but does no damage.
The adder is moderately wounded.
The adder closely misses you. The quokka bites you.
You shoot an arrow. The arrow hits the adder.
The adder is severely wounded.
The adder closely misses you. The quokka bites you.
The adder bites you but does no damage. The quokka misses you.
1146 ||| READING scroll of teleportation.
As you read the scroll of teleportation, it crumbles to dust.
You feel strangely unstable. The adder bites you but does no damage.
The quokka bites you.
You shoot an arrow. The arrow closely misses the adder.
The adder bites you.
The kobold throws a stone.
The stone misses you.
The quokka bites you but does no damage.
The adder closely misses you.
You shoot an arrow. The arrow hits the adder.
You kill the adder!
The quokka bites you.
You die...

.. ..... ## .... #
#... # ... # #.> #
#.. #
######.###########
#
....?..@.........#
#
.####.rK%#...##..#
#.##
#....#...###.#
#...
#....##..###.#
####
.....###......#
...#...# ##.....#
%..#...# ###...#
.. #..## ####.#
#.. ####....#


You could see a quokka and a kobold.

Vanquished Creatures
  2 adders (D:2)
  A dart slug (D:1)
  4 bats (D:1)
  5 endoplasms
  4 giant cockroaches (D:1)
  A goblin (D:1)
  9 hobgoblins
  2 kobolds (D:1)
  6 ball pythons
  3 frilled lizards
  5 rats
42 creatures vanquished.

Notes
Turn   | Place    | Note
-------+----------+-------------------------------------------
     0 | D:1      | qw the Gargoyle Hunter began the quest for the Orb.
     0 | D:1      | Reached XP level 1. HP: 12/12 MP: 1/1
     0 | D:1      | 0 ||| qw: Version: 0.2-a-29-gc1b59c4
     0 | D:1      | 0 ||| qw: Game counter: 4626
     0 | D:1      | 0 ||| qw: Always use a shield: true
     0 | D:1      | 0 ||| qw: God list: Okawaru
     0 | D:1      | 0 ||| qw: Allow faded altars: false
     0 | D:1      | 0 ||| qw: Do Orc after D:15 true
     0 | D:1      | 0 ||| qw: Do second Lair branch before Depths: true
     0 | D:1      | 0 ||| qw: Lair rune preference: random
     0 | D:1      | 0 ||| qw: Plans: Normal, Zot:1-4, Slime:5, God:TSO, Crypt,
                  | Tomb, Abyss, Pan, Hells, Win
     0 | D:1      | 0 ||| PLANNING D:1-11
   216 | D:1      | Reached XP level 2. HP: 14/17 MP: 2/2
   337 | D:1      | 337 ||| FLEEEEING.
   338 | D:1      | 338 ||| FLEEEEING.
   339 | D:1      | 339 ||| FLEEEEING.
   340 | D:1      | 340 ||| FLEEEEING.
   341 | D:1      | 341 ||| FLEEEEING.
   342 | D:1      | 342 ||| FLEEEEING.
   343 | D:1      | 343 ||| FLEEEEING.
   395 | D:1      | Reached XP level 3. HP: 20/21 MP: 3/3
   432 | D:1      | Reached skill level 5 in Ranged Weapons
   544 | D:1      | 544 ||| UPGRADING to amulet of guardian spirit.
   549 | D:1      | 549 ||| READING scroll labelled VUVOL AKAASEBBAA.
   550 | D:1      | 550 ||| READING scroll labelled RUMPAR GOSHROK.
   852 | D:1      | 852 ||| READING scroll labelled BOCAEBRA UNUDGH.
   853 | D:1      | 853 ||| READING scroll labelled ZYGEUNKEIL.
   854 | D:1      | 854 ||| READING 2 scrolls labelled INAIGA OHUWYSITOBE.
   855 | D:1      | 855 ||| READING scroll labelled INTUAS XICE.
   860 | D:1      | 860 ||| READING scroll labelled TEIXESEURPH.
   861 | D:1      | 861 ||| READING 2 scrolls labelled DAYMAU AZIRUDI.
   862 | D:1      | 862 ||| DRINKING 3 fuming emerald potions.
   863 | D:1      | 863 ||| DROPPING scroll of butterflies.
   864 | D:1      | 864 ||| DROPPING scroll of revelation.
   865 | D:1      | 865 ||| DROPPING 2 potions of degeneration.
  1141 | D:2      | Reached skill level 3 in Fighting
  1141 | D:2      | Reached XP level 4. HP: 14/28 MP: 0/4
  1145 | D:2      | HP: 5/28 [quokka (3)]
  1146 | D:2      | 1146 ||| READING scroll of teleportation.
  1148 | D:2      | Slain by a quokka

Levels and vault maps discovered:
D:1:      matt_arrival_los_fun, layout_basic, minmay_liquid_box,
          kennysheep_pointless_box, grunt_decor_clamped, minmay_pentomino_p4
D:2:      minmay_recursive_quarters, layout_loops_ring, serial_shops, shop,
          kennysheep_generic_room_13

Skill      XL: |  1  2  3 |
---------------+----------+-----
Ranged Weapons | 5 |  5.0
Fighting       | 3 |  3.2
Dodging        | |  1.5
Stealth        | |  1.1

Action                     |  1- 3 |  4- 6 || total
---------------------------+-------+-------++-------
   Fire: Shortbow          |   122 |     7 ||   129
    Use: Scroll            |     8 |     1 ||     9
         Potion            |     1 |       ||     1
 Armour: Leather armour    |    24 |     6 ||    30
  Dodge: Dodged            |    43 |     9 ||    52

Table legend:
 A = Non-vault XP
 B = Vault XP
 C = Vault XP percentage of total XP
 D = Non-vault monster count
 E = Vault monster count
 F = Vault count percentage of total count
                 A         B        C        D         E       F
            +---------+---------+-------+---------+---------+-------
      Total |      70 |      25 |  26.3 |      33 |       9 |  21.4
            +---------+---------+-------+---------+---------+-------
        D:1 |      53 |       6 |  10.2 |      30 |       4 |  11.8
        D:2 |      17 |      19 |  52.8 |       3 |       5 |  62.5
            +---------+---------+-------+---------+---------+-------
